 Dungeon Crawl Stone Soup version 0.26.0-10-g1f06aea511 (webtiles) character file.

Game seed: 5773005335132457764

455 mopl the Changer (level 6, -14/36 HPs)
             Began as a Spriggan Transmuter on Jan 19, 2021.
             Demolished by a mummy (17 damage)
             ... in an ossuary.
             The game lasted 00:08:13 (4340 turns).

mopl the Changer (Spriggan Transmuter)              Turns: 4340, Time: 00:08:13

Health: -14/36     AC:  5    Str:  8    XL:     6   Next: 76%
Magic:  6/13       EV: 15    Int: 15    God:
Gold:   254        SH:  0    Dex: 16    Spells: 2/14 levels left

rFire    x . .     SeeInvis +     - Unarmed
rCold    + + +     Faith    .   (shield currently unavailable)
rNeg     . . .     Spirit   .   (armour currently unavailable)
rPois    +         Reflect  .   (helmet currently unavailable)
rElec    .         Harm     .   (cloak currently unavailable)
rCorr    .         Rampage  .   (gloves unavailable)
Will     +....                  (boots unavailable)
Stlth    +.........             b - amulet of the acrobat
HPRegen  0.12/turn              k - +4 ring of evasion
MPRegen  0.13/turn              (no ring)

@: ice-form, very slightly contaminated
A: large, unfitting armour, see invisible
a: End Transformation


You were in an ossuary.
You were a creature of crystalline ice.
You visited 1 branch of the dungeon, and saw 5 of its levels.
You also visited: Ossuary.

You collected 254 gold pieces.

Inventory:

Missiles
 d - 45 sling bullets
 h - 231 stones (quivered)
Armour
 a - a +0 robe (melded)
Jewellery
 b - an amulet of the acrobat (around neck)
 k - a +4 ring of evasion (left front paw)
Wands
 q - a wand of polymorph (10)
Scrolls
 c - 5 scrolls of magic mapping
 e - 2 scrolls of remove curse
 f - 2 scrolls of fog {unknown}
 m - 3 scrolls of teleportation {unknown}
 o - 3 scrolls of identify {unknown}
 s - a scroll of noise {unknown}
 t - a scroll of fear {unknown}
 u - a scroll of enchant armour {unknown}
 v - a scroll of blinking {unknown}
Potions
 g - a potion of resistance {unknown}
 i - a potion of lignification {unknown}
 j - 3 potions of curing {unknown}
 l - 3 potions of flight {unknown}
 n - a potion of mutation {unknown}
 p - 3 potions of haste {unknown}
 r - a potion of cancellation {unknown}


   Skills:
 + Level 1.6 Fighting
 - Level 3.0 Dodging
 * Level 4.4 Unarmed Combat
 + Level 4.6 Spellcasting
 + Level 0.3 Translocations
 + Level 4.9 Transmutations
 + Level 0.2 Ice Magic
 - Level 2.0 Poison Magic


You had 2 spell levels left.
You knew the following spells:

 Your Spells              Type           Power        Failure   Level
a - Beastly Appendage     Tmut           36%          2%          1
b - Spider Form           Tmut/Pois      6%           12%         3
d - Ice Form              Ice/Tmut       11%          52%         4
e - Blink                 Tloc           N/A          22%         2
w - Wereblood             Tmut           18%          3%          2

Your spell library contained the following spells:

 Spells                   Type           Power        Failure   Level
 Magic Dart               Conj           12%          17%         1
 Call Imp                 Summ           3%           26%         2
 Slow                     Hex            3%           26%         2
 Mephitic Cloud           Conj/Pois/Air  5%           36%         3
 Conjure Flame            Conj/Fire      3%           45%         3
 Blade Hands              Tmut           9%           52%         5


Dungeon Overview and Level Annotations

Branches:
Dungeon (5/15)             Temple (0/1) D:5         Ossuary (1/1)

Altars:
Gozag
Ru


Innate Abilities, Weirdness & Mutations

You are very small and have problems with some larger weapons.
You are too small for most types of armour.
You have supernaturally acute eyesight. (SInv)
((You cover ground extremely quickly.))


Message History

The spell is potentially lethal to cast (52% risk of failure)!
Continue anyway?
You turn into a creature of crystalline ice.
Your +0 robe melds into your body.
You hit the mummy. You freeze the mummy.
The mummy is moderately damaged.
You punch the mummy! You freeze the mummy.
The mummy is severely damaged.
The mummy hits you! The mummy barely misses you.
You hit the mummy but do no damage.
The mummy is severely damaged.
You punch the mummy! You freeze the mummy.
You destroy the mummy!
The mummy hits you!
* * * LOW HITPOINT WARNING * * *
You hit the mummy.
The mummy is lightly damaged.
You hit the mummy.
The mummy is moderately damaged.
The mummy hits you!
You die...

Z....M.....Z
..........
........
(.....
#(((.#
#(.((#
#.((.#
#.M(.#
#Y...#
#....#
#....#
#....#
#.∩∩.#
######


You could see a mummy.

Vanquished Creatures
  A scorpion (D:4)
  A centaur skeleton (D:3)
  An orc priest (D:4)
  An orc wizard (D:4)
  A bullfrog skeleton (D:4)
  2 worker ants (D:4)
  A mummy (Ossuary)
  A howler monkey skeleton (D:4)
  12 adders
  An adder skeleton (D:4)
  A worm (D:3)
  2 dart slugs
  3 leopard geckos
  9 orcs
  13 bats
  5 giant cockroaches
  2 gnoll zombies (Ossuary)
  5 goblins
  4 hobgoblins
  4 jackals (D:2)
  5 quokkas
  5 frilled lizards
  A hobgoblin zombie (Ossuary)
  A jackal skeleton (D:4)
  8 kobolds
  A kobold zombie (Ossuary)
  3 orc zombies (Ossuary)
  9 rats
103 creatures vanquished.

Notes
Turn   | Place    | Note
-------+----------+-------------------------------------------
     0 | D:1      | mopl the Spriggan Transmuter began the quest for the Orb.
     0 | D:1      | Reached XP level 1. HP: 9/9 MP: 5/5
   104 | D:1      | Reached skill level 3 in Transmutations
   106 | D:1      | Reached XP level 2. HP: 12/14 MP: 3/6
   109 | D:1      | Reached skill level 3 in Spellcasting
   112 | D:1      | Learned a level 2 spell: Wereblood
   630 | D:1      | Reached skill level 3 in Unarmed Combat
   759 | D:2      | You fall into a shaft and drop 2 floors!
   772 | D:4      | Reached XP level 3. HP: 11/17 MP: 6/8
   776 | D:4      | Learned a level 3 spell: Spider Form
   958 | D:4      | Reached XP level 4. HP: 19/21 MP: 8/10
   976 | D:4      | Reached skill level 1 in Poison Magic
  1045 | D:4      | Reached skill level 4 in Transmutations
  1216 | D:3      | Reached XP level 5. HP: 24/25 MP: 4/11
  1268 | D:3      | Learned a level 2 spell: Blink
  2099 | D:2      | Reached skill level 1 in Fighting
  2108 | D:2      | Reached skill level 4 in Spellcasting
  2880 | D:3      | Reached skill level 4 in Unarmed Combat
  2882 | D:3      | Reached XP level 6. HP: 30/30 MP: 10/13
  3351 | D:4      | Reached skill level 2 in Poison Magic
  3568 | D:4      | Found a sacrificial altar of Ru.
  3823 | D:4      | Learned a level 4 spell: Ice Form
  3863 | D:5      | Entered Level 5 of the Dungeon
  3884 | D:5      | Found an opulent altar of Gozag.
  4052 | D:5      | Found a sand-covered staircase.
  4060 | Ossuary  | Entered an ossuary
  4340 | Ossuary  | Demolished by a mummy

Illustrated notes

Levels and vault maps discovered:
D:1:      saegor_arrival_simple_a, layout_loops_ring, hangedman_decor_push,
          roderic_serpentine_path, corexii_corridor_pit,
          minmay_misc_feat_ornament
D:2:      layout_basic
D:3:      layout_loops_ring, minmay_vboxes
D:4:      layout_loops_ring, kennysheep_mini_moat
D:5:      layout_rooms, grunt_gozag_breadcrumbs, minmay_temple_entry_fiery,
          nicolae_ossuary_entry_catacombs
Ossuary:  ossuary_tomb_3

Skill      XL: |  1  2  3  4  5  6 |
---------------+-------------------+-----
Transmutations | 3 4 |  4.9
Spellcasting   | 3 4 |  4.6
Unarmed Combat | 3 4 |  4.4
Poison Magic   | 1 2 |  2.0
Fighting       | 1 |  1.6
Dodging        | |  3.0
Translocations | |  0.3
Ice Magic      | |  0.2

Action                   |  1- 3 |  4- 6 || total
-------------------------+-------+-------++-------
Melee: Unarmed           |   100 |   251 ||   351
       Kick              |    13 |     8 ||    21
       Headbutt          |     9 |     5 ||    14
       Punch             |       |     1 ||     1
Throw: Stone             |       |    35 ||    35
 Cast: Beastly Appendage |    17 |    11 ||    28
       Spider Form       |     1 |    22 ||    23
       Ice Form          |       |     1 ||     1
 Abil: End Transformatio |       |     1 ||     1
  Use: Scroll            |       |     2 ||     2
 Stab: Sleeping          |     2 |     6 ||     8
Armor: Robe              |    10 |     8 ||    18
       Skin              |       |     7 ||     7
Dodge: Dodged            |    78 |   208 ||   286
